[Event "27th CRO-chT 1A-Men 2018"]
[Site "Biograd"]
[Date "2018.09.09"]
[Round "2.9"]
[White "Sertic, Rudolf"]
[Black "Lalic, Bogdan"]
[Result "1/2-1/2"]
[ECO "B33"]
[WhiteElo "2366"]
[BlackElo "2403"]
[Annotator "NA"]
[PlyCount "25"]
[EventDate "2018.09.08"]
[EventType "team-tourn"]
[EventCountry "CRO"]
[SourceTitle "playchess.com"]
[Source "ChessBase"]
[SourceQuality "1"]
[TimeControl "40/5400+30:1800+30"]

1. e4 c5 2. Nf3 Nc6 3. d4 cxd4 4. Nxd4 Nf6 5. Nc3 e6 6. Ndb5 d6 7. Bf4 e5 8. Bg5 a6 9. Na3 b5 10. Nd5 Qa5+ 11. Bd2 Qd8 12. Bg5 Qa5+ 13. Bd2 1/2-1/2

[Event "27th CRO-chT 1A-Men 2018"]
[Site "Biograd"]
[Date "2018.09.09"]
[Round "2.11"]
[White "Medak, Bojan"]
[Black "Loncar, Robert"]
[Result "1/2-1/2"]
[ECO "A13"]
[WhiteElo "2367"]
[BlackElo "2409"]
[Annotator "ChessBase"]
[PlyCount "55"]
[EventDate "2018.09.08"]
[EventType "team-tourn"]
[EventCountry "CRO"]
[SourceTitle "playchess.com"]
[Source "ChessBase"]
[SourceQuality "1"]
[TimeControl "40/5400+30:1800+30"]

1. c4 Nf6 2. Nf3 e6 3. g3 d5 4. Bg2 d4 5. e3 c5 6. O-O Nc6 7. exd4 cxd4 8. d3 h6 9. Na3 Bc5 10. Re1 O-O 11. Ne5 Nxe5 12. Rxe5 Bd6 13. Re1 e5 14. c5 Bxc5 15. Rxe5 Bd6 16. Re1 Bb4 17. Bd2 Bg4 18. Qc2 Rc8 19. Nc4 Bxd2 20. Qxd2 Rc7 21. Rac1 Be6 22. Na5 Bd5 23. Bxd5 Nxd5 24. Rxc7 Nxc7 25. Nxb7 Qd5 26. Na5 Ne6 27. h4 Qxa2 28. Nc4 1/2-1/2

[Event "27th CRO-chT 1A-Men 2018"]
[Site "Biograd"]
[Date "2018.09.09"]
[Round "2.16"]
[White "Bender, Ivan"]
[Black "Bukal, Vladimir Jr"]
[Result "1-0"]
[ECO "A90"]
[WhiteElo "2261"]
[BlackElo "2380"]
[Annotator "ChessBase"]
[PlyCount "192"]
[EventDate "2018.09.08"]
[EventType "team-tourn"]
[EventCountry "CRO"]
[SourceTitle "playchess.com"]
[Source "ChessBase"]
[SourceQuality "1"]
[TimeControl "40/5400+30:1800+30"]

1. d4 e6 2. Nf3 f5 3. g3 Nf6 4. Bg2 d5 5. O-O Bd6 6. c4 O-O 7. Qc2 c6 8. Nc3 Ne4 9. Rb1 Nd7 10. b4 Bc7 11. b5 Nb6 12. bxc6 bxc6 13. cxd5 cxd5 14. Nxe4 fxe4 15. Bg5 Qd7 16. Nd2 h6 17. Be3 Ba6 18. Rfc1 Bd6 19. Qd1 Rac8 20. Rxc8 Rxc8 21. Nb3 Na4 22. Bd2 Ba3 23. Bf1 Qe7 24. Na5 Nc3 25. Bxc3 Rxc3 26. e3 Bd3 27. Bxd3 exd3 28. Nb3 Qf7 29. Qf1 Qf5 30. Rd1 Kh7 31. Kg2 Kg8 32. Kg1 Bb4 33. Nc1 d2 34. Rxd2 Rxe3 35. Re2 Re4 36. Qd1 Qf3 37. Qc2 Rxd4 38. Qc8+ Kh7 39. Qc2+ Qf5 40. Qxf5+ exf5 41. Kg2 Rd1 42. Nb3 a5 43. a3 Bc3 44. Rc2 d4 45. Kf3 Rb1 46. Nc5 Rb5 47. Na4 Rb3 48. Nxc3 Rxa3 49. Kf4 Rxc3 50. Rd2 d3 51. Kxf5 Rc2 52. Rxd3 Rxf2+ 53. Kg4 Rf6 54. Ra3 Ra6 55. Ra4 Kg6 56. h4 h5+ 57. Kf4 Kf6 58. Ke4 Ke6 59. Kd4 Kd6 60. g4 hxg4 61. Kc3 Ke7 62. Rxg4 Kf7 63. Kb3 Rb6+ 64. Kc3 Rb4 65. Rg5 Rxh4 66. Rxa5 Re4 67. Kd3 Re6 68. Rg5 Kf6 69. Rg3 g6 70. Rg2 Kf5 71. Rf2+ Kg4 72. Rf1 Kg3 73. Rg1+ Kf2 74. Rg4 Re3+ 75. Kd4 Rg3 76. Rf4+ Kg2 77. Ke4 g5 78. Rf5 Kh3 79. Rf1 Kg4 80. Rh1 Rg2 81. Ke3 Kg3 82. Rh8 g4 83. Rh7 Rg1 84. Ke2 Kg2 85. Rg7 g3 86. Rg8 Ra1 87. Rh8 Ra7 88. Ke3 Re7+ 89. Kd2 Kf2 90. Rf8+ Kg1 91. Rg8 g2 92. Rh8 Re5 93. Rh7 Kf2 94. Rf7+ Kg3 95. Rg7+ Kf3 96. Kd3 Rd5+ 1-0

[Event "27th CRO-chT 1A-Men 2018"]
[Site "Biograd"]
[Date "2018.09.09"]
[Round "2.17"]
[White "Dutina, Dario"]
[Black "Brnas, Augustin"]
[Result "1-0"]
[ECO "C49"]
[WhiteElo "2245"]
[BlackElo "2190"]
[Annotator "ChessBase"]
[PlyCount "67"]
[EventDate "2018.09.08"]
[EventType "team-tourn"]
[EventCountry "CRO"]
[SourceTitle "playchess.com"]
[Source "ChessBase"]
[SourceQuality "1"]
[TimeControl "40/5400+30:1800+30"]

1. e4 e5 2. Nf3 Nc6 3. Nc3 Nf6 4. Bb5 Bb4 5. O-O Bxc3 6. bxc3 O-O 7. Re1 d6 8. d4 Bg4 9. Bxc6 bxc6 10. dxe5 Bxf3 11. Qxf3 dxe5 12. Bg5 Qe7 13. Red1 Rab8 14. h4 h6 15. Bxf6 Qxf6 16. Qxf6 gxf6 17. Rab1 Rb6 18. Rb3 Rfb8 19. Rd7 Rc8 20. c4 Kf8 21. Kh2 Ke8 22. Rdd3 Ke7 23. Kh3 h5 24. c5 Rbb8 25. Rxb8 Rxb8 26. Rb3 Ra8 27. Rb7 Kd7 28. g4 hxg4+ 29. Kxg4 Rg8+ 30. Kh3 a5 31. Ra7 Rb8 32. Rxa5 Rb2 33. h5 Rxc2 34. h6 1-0

[Event "27th CRO-chT 1A-Men 2018"]
[Site "Biograd"]
[Date "2018.09.09"]
[Round "2.18"]
[White "Ivankovic, Ivo"]
[Black "Bozinovic, Bogdan"]
[Result "0-1"]
[ECO "B44"]
[WhiteElo "2110"]
[BlackElo "2229"]
[Annotator "NA"]
[PlyCount "50"]
[EventDate "2018.09.08"]
[EventType "team-tourn"]
[EventCountry "CRO"]
[SourceTitle "playchess.com"]
[Source "ChessBase"]
[SourceQuality "1"]
[TimeControl "40/5400+30:1800+30"]

1. c4 Nf6 2. Nc3 c5 3. Nf3 e6 4. e4 Nc6 5. d4 cxd4 6. Nxd4 Bb4 7. Nxc6 bxc6 8. Bd3 d5 9. exd5 exd5 10. O-O O-O {[%emt 0:01:30] LiveBook: 4 Partien} 11. Bg5 $11 h6 12. Bh4 Be6 13. cxd5 cxd5 14. Nb5 Be7 15. Nd4 Bd7 16. Bf5 g6 17. Bxd7 Qxd7 18. Qf3 Ne4 19. Bxe7 Qxe7 20. Rfd1 Rac8 21. Rd3 Qb4 22. b3 Rc3 23. a3 Qc5 24. Rxc3 Nxc3 25. Qe3 Qxd4 0-1

[Event "27th CRO-chT 1A-Men 2018"]
[Site "Biograd"]
[Date "2018.09.09"]
[Round "2.23"]
[White "Golubovic, Boris"]
[Black "Cosic, Marin"]
[Result "1/2-1/2"]
[ECO "D94"]
[WhiteElo "2386"]
[BlackElo "2227"]
[Annotator "ChessBase"]
[PlyCount "44"]
[EventDate "2018.09.08"]
[EventType "team-tourn"]
[EventCountry "CRO"]
[SourceTitle "playchess.com"]
[Source "ChessBase"]
[SourceQuality "1"]
[TimeControl "40/5400+30:1800+30"]

1. c4 c6 2. Nf3 Nf6 3. Nc3 d5 4. e3 g6 5. d4 Bg7 6. Be2 O-O 7. O-O Bg4 8. cxd5 Nxd5 9. h3 Bxf3 10. Bxf3 Nb6 11. a4 a5 12. Qb3 Na6 13. Rd1 e6 14. Bd2 Qc7 15. Rac1 Nb4 16. Be1 Rfe8 17. g3 Qe7 18. Ne4 Bf8 19. Nc5 Qc7 20. Bg2 N4d5 21. Ne4 Nd7 22. Nd2 Qb6 1/2-1/2